Cogmind - Beta 16.1 @@@ ROGUE MODE // 2026.04.29 @ 13:27:41 Player: Savant Result: Destroyed by Y-54 Guardian with Flak Gun Performance ------------- Evolutions (0) 0 Regions Visited (3) 600 Robots Destroyed (36) 180 Value Destroyed (858) 858 Prototype IDs (13) 260 Alien Tech Used (0) 0 Bonus (0) 0 TOTAL SCORE: 1898 Bonus ------- None Cogmind --------- Core Integrity 0/250 Matter 159/300 Energy 83/200 System Corruption 0% Temperature Hot (240) Movement Rolling (295) Ox13 Location -7/Recycling Parts ------- > --- POWER (1) -------- Subdweller Power Source > --- PROPULSION (2) --- Compact Wheel > --- UTILITY (2) ------ Humpback > --- WEAPON (2) ------- Subdweller Beam Cannon Hammer > --- INVENTORY (35) --- Light Treads Subdweller Monowheel Subdweller Monowheel Improved Heat Sink High-capacity Storage Unit Medium Matter Pod (0) Subdweller Optics Subdweller Optics Improved Terrain Scanner Seismic Detector Medium Reactive Plating Scrap Shield Subdweller Laser Subdweller Laser Subdweller Beam Cannon Battle Cannon Subdweller Shrapnel Launcher Subdweller Shrapnel Launcher 1B-0RG's Assimilator Improved Datajack Heavy Mace Peak State ------------ > --- POWER ------------ Subdweller Power Source > --- PROPULSION ------- Wheel Compact Wheel > --- UTILITY ---------- Humpback > --- WEAPON ----------- Subdweller Beam Cannon Subdweller Beam Cannon > --- INVENTORY -------- Subdweller Monowheel Subdweller Monowheel Improved Heat Sink Large Storage Unit Medium Matter Pod Subdweller Optics Subdweller Optics Improved Terrain Scanner Seismic Detector Scrap Shield Subdweller Laser Subdweller Laser Beam Cannon Battle Cannon Subdweller Shrapnel Launcher Subdweller Shrapnel Launcher 1B-0RG's Assimilator Hammer Scrap Shield Fragment [Rating: 20] Favorites ----------- Power Ion Engine Engine Ion Engine Propulsion Light Treads Treads Light Treads Wheel Wheel Utility Large Storage Unit Device Seismic Detector Storage Large Storage Unit Protection Core Shielding Weapon Subdweller Beam Cannon Energy Gun Medium Laser Energy Cannon Subdweller Beam Cannon Ballistic Gun Light Assault Rifle Launcher Subdweller Shrapnel Launcher Special Weapon Mining Laser Impact Weapon Hammer Special Melee Weapon Datajack Build | -11 -10 -10 -7 ------- Run | Yrd Mat Sub Rec Slots Evolved . | . . . . Power . | . . . . Propulsion . | . . . . Utility . | . . . . Weapon . | . . . . Parts Attached 33 | 7 8 18 . Power 3 | 1 . 2 . Engine 3 | 1 . 2 . Core . | . . . . Reactor . | . . . . Propulsion 8 | 2 . 6 . Treads 2 | 2 . . . Leg . | . . . . Wheel 6 | . . 6 . Hover . | . . . . Flight . | . . . . Utility 9 | 2 4 3 . Device 4 | 1 2 1 . Storage 3 | 1 1 1 . Processor . | . . . . Hackware . | . . . . Protection 2 | . 1 1 . Artifact . | . . . . Weapon 13 | 2 4 7 . Energy Gun 2 | 1 . 1 . Energy Cannon 5 | . 1 4 . Ballistic Gun 2 | 1 1 . . Ballistic Cannon . | . . . . Launcher 1 | . . 1 . Special Weapon 1 | . 1 . . Impact Weapon 1 | . 1 . . Slashing Weapon . | . . . . Piercing Weapon . | . . . . Special Melee Weapon 1 | . . 1 . Unidentified Prototypes . | . . . . Parts Lost 5 | . . 4 1 Power 1 | . . 1 . Propulsion 3 | . . 2 1 Utility . | . . . . Weapon 1 | . . 1 . Highest Loss Streak 2 | . . 2 1 To Critical Strikes . | . . . . Average Backups 13 | 4 10 14 19 Power . | . 1 . . Propulsion 1 | 2 2 1 2 Utility 4 | . 2 5 8 Weapon 5 | . 4 5 6 Tool/Special . | . . . . Unused Backups 18 | . 3 2 13 Power . | . . . . Propulsion 2 | . 2 . . Utility 6 | . . . 6 Weapon 8 | . 1 2 5 Tool/Special 2 | . . . 2 Average Slot Usage (%) 97 | . 100 98 85 Engine 14 | . 14 14 14 Treads 14 | . 28 12 . Wheel 13 | . . 15 28 Device 10 | . 11 11 . Storage 13 | . 14 13 14 Protection 1 | . 2 . . Energy Cannon 18 | . 11 19 27 Ballistic Gun 4 | . 13 1 . Impact Weapon 2 | . . 3 . Peak Build Rating 20 | 7 9 20 20 Average Rating 11 | 5 8 11 19 On Entrance 8 | . 7 8 20 Avg Prop Armor Cover (%) 5 | . . 5 . Naked Turns . | . . . . Heaviest Build 221 | 12 28 221 221 Greatest Support 40 | 40 40 40 26 Greatest Overweight (x) 8 | . . 8 8 Average Overweight (x) 2 | . . 2 8 Largest Inventory Capacity 35 | 8 15 35 35 Average Capacity 16 | 6 11 16 35 Most Carried 26 | 7 15 24 26 Average Carried 14 | 4 10 15 24 Final Capacity 35 | 8 15 35 35 Final Carried 26 | 7 15 24 26 Class Distribution -------------------- 84% | Mutant 15% | Hauler-Mutant Dominant Class ---------------- Mutant | -10/Materials Mutant | -10/Subcaves Hauler-Mutant | -7/Recycling Resources | -11 -10 -10 -7 ----------- Run | Yrd Mat Sub Rec Matter Collected 1289 | 267 358 584 80 Remotely . | . . . . Salvage Created 1229 | 85 768 304 72 Parts 65 | 3 39 19 4 Haulers Intercepted 2 | . 2 . . Recyclers Shooed 2 | 1 1 . . Parts Field Recycled . | . . . . Retrieved Matter . | . . . . Parts Self-Destructed 6 | . . 6 . Prevented . | . . . . Parts Restored . | . . . . Kills | -11 -10 -10 -7 ------- Run | Yrd Mat Sub Rec Combat Hostiles Destroyed 22 | . 10 11 1 Guns 7 | . 6 1 . Cannons 11 | . 4 6 1 AOE 4 | . . 4 . Classes Destroyed 12 | 2 7 2 1 Worker 1 | . 1 . . Tunneler 1 | 1 . . . Hauler 2 | . 2 . . Recycler 3 | 1 2 . . Mechanic 1 | . 1 . . Operator 1 | . 1 . . Turret 2 | . . 2 . Watcher 3 | . 3 . . Swarmer 7 | . 3 4 . Grunt 7 | . 7 . . Sentry 1 | . . . 1 Subdweller 7 | . . 7 . Best Kill Streak 4 | 2 3 4 1 Combat Bots Only 4 | . 3 4 1 Max Kills in Single Turn 2 | 1 2 2 1 Gunslinging . | . . . . Exploded 2 | . . 2 . Melee . | . . . . Uniques/NPCs Destroyed . | . . . . Combat | -11 -10 -10 -7 -------- Run | Yrd Mat Sub Rec Hostile Shots Fired 179 | . 33 92 54 Missed 69 | . 5 37 27 Hits 110 | . 28 55 27 Projectile 110 | . 28 55 27 AOE 1 | . . 1 . Damage Taken 1274 | . 321 745 208 Core 255 | . 55 135 65 Absorbed by Shields . | . . . . Redirected to Shielding 24 | . 5 19 . Core Remaining (%) 100 | 100 . . . Volleys Fired 110 | 5 64 36 5 Largest 2 | 2 2 2 2 Hottest 160 | 70 100 160 160 Shots Fired 193 | 10 124 50 9 Gun 85 | 10 74 1 . Cannon 98 | . 49 40 9 Launcher 9 | . . 9 . Special 1 | . 1 . . Kinetic 74 | 5 60 9 . Thermal 119 | 5 64 41 9 Explosive . | . . . . Electromagnetic . | . . . . Robot Hit Streak 21 | 3 12 21 6 Robot Miss Streak 4 | 1 4 1 1 Penetration Max . | . . . . Secondary Targets . | . . . . Shots Hit Robots 115 | 7 68 33 7 Core Hits 54 | 3 30 19 2 Critical Kills . | . . . . Critical Parts Destroyed 2 | . 1 . 1 Critical Strikes 4 | . 3 . 1 Burn 2 | . 2 . . Destroy 1 | . 1 . . Smash 1 | . . . 1 Melee Attacks 59 | . 5 53 1 Impact 58 | . 5 52 1 Slashing . | . . . . Piercing . | . . . . Sneak Attacks . | . . . . Combat Hostiles . | . . . . Follow-up Attacks . | . . . . Damage Inflicted 2306 | 74 901 1154 177 Guns 492 | 74 395 23 . Cannons 1336 | . 506 671 159 Explosions 411 | . . 411 . Melee 67 | . . 49 18 Ramming . | . . . . Kinetic 706 | 24 271 411 . Thermal 1533 | 50 630 694 159 Explosive . | . . . . Electromagnetic . | . . . . Impact 67 | . . 49 18 Slashing . | . . . . Piercing . | . . . . Highest Corruption . | . . . . Average Corruption . | . . . . Corruption Purged . | . . . . Corruption Blocked . | . . . . Overload Shots . | . . . . Overflow Damage 79 | . . 61 18 Projectiles . | . . . . Explosions 43 | . . 43 . Melee 36 | . . 18 18 Knockbacks . | . . . . Impact . | . . . . Kinetic . | . . . . Secondary . | . . . . Self-Inflicted Damage 9 | . . 9 . Shots 1 | . . 1 . Rammed . | . . . . Targets Rammed . | . . . . Kicked . | . . . . Crushed . | . . . . Highest Temperature 291 | 70 266 234 291 Average Temperature 68 | 36 63 62 168 Received Heat Transfer 381 | . 135 174 72 Siege Activations . | . . . . Martial Activations . | . . . . Shielding Activations . | . . . . Robots Disrupted . | . . . . Combat Hostiles . | . . . . Robots Corrupted . | . . . . Combat Hostiles . | . . . . Parts Fried . | . . . . Impact Corruptions 2 | . . 1 1 Robots Melted . | . . . . Combat Hostiles . | . . . . Parts Melted 11 | . 4 7 . Heat Transferred 3059 | 148 1591 1098 222 Parts Sabotaged . | . . . . Parts Stolen . | . . . . Parts Stripped . | . . . . Power Chain Reactions . | . . . . Alert | -11 -10 -10 -7 ------- Run | Yrd Mat Sub Rec Maximum Alert Level . | . . . . Low Security (%) 100 | 100 100 . 100 Level 1 . | . . . . Level 2 . | . . . . Level 3 . | . . . . Level 4 . | . . . . Level 5 . | . . . . High Security . | . . . . Max Security . | . . . . Peak Influence 165 | 10 100 . 165 Initial 165 | . . . 165 Average 39 | 1 28 . 78 Influence Increases 976 | 10 403 420 143 Destroy 0b10 Robot/C 340 | . 200 120 20 Destroy 0b10 Robot/NC 60 | 10 50 . . Destroy Leader 60 | . 60 . . Successful Hack 16 | . 16 . . Select Force Hacks 120 | . . . 120 Disable Machine 15 | . 15 . . Destroy Structure 5 | . 2 . 3 Lose Combat Pursuer 360 | . 60 300 . Influence Decreases 932 | 10 403 76 443 Entered New Map 179 | . . . 179 Time Decay 733 | 10 403 66 254 Lost Part 20 | . . 10 10 Squads Dispatched 1 | . 1 . . Investigation . | . . . . Extermination . | . . . . Reinforcement 1 | . 1 . . Assault . | . . . . Garrison . | . . . . Intercept . | . . . . Searches Triggered . | . . . . Construction Impeded . | . . . . Haulers Reinforced . | . . . . Active Scanning Responses . | . . . . Cargo Convoy Interrupts . | . . . . Stealth | -11 -10 -10 -7 --------- Run | Yrd Mat Sub Rec Distress Signals 1 | . 1 . . Communications Jammed . | . . . . Distress Signals . | . . . . Times Spotted 39 | . 22 15 2 Peak Tracking Total 4 | . 4 3 2 Tactical Retreats 7 | . 2 5 . Traps | -11 -10 -10 -7 ------- Run | Yrd Mat Sub Rec Traps Triggered 1 | . . 1 . Indirectly . | . . . . Trap Hack Attempts . | . . . . Triggered . | . . . . Disarmed . | . . . . Reprogrammed . | . . . . Reused 1 | . . 1 . Traps Extracted . | . . . . Installed 2 | . . 2 . Triggered . | . . . . Most Traps Carried 1 | . . 1 . Machines | -11 -10 -10 -7 ---------- Run | Yrd Mat Sub Rec Machines Disabled 5 | . 1 4 . Max in Single Turn 4 | . 1 4 . Machines Repaired . | . . . . Machines Dismantled . | . . . . Machines Sabotaged . | . . . . Overloaded Fab Kills . | . . . . Hacking | -11 -10 -10 -7 --------- Run | Yrd Mat Sub Rec Machines Accessed 13 | . 6 2 5 Terminals 7 | . 6 . 1 Fabricators . | . . . . Repair Stations . | . . . . Recycling Units 4 | . . . 4 Scanalyzers . | . . . . Garrison Access . | . . . . Total Hacks 32 | . 21 5 6 Successful 17 | . 8 5 4 Failed 15 | . 13 . 2 Catastrophic 3 | . 2 . 1 Database Lockouts . | . . . . Manual 26 | . 20 . 6 Terminals 22 | . 21 . 1 Fabricators . | . . . . Repair Stations . | . . . . Recycling Units 5 | . . . 5 Scanalyzers . | . . . . Garrison Access . | . . . . Terminal Hacks 7 | . 2 5 . Record 4 | . . 4 . Terminal Index 1 | . 1 . . Registered Components 1 | . 1 . . Proto ID Catalog 1 | . . 1 . Fabricator Hacks . | . . . . Repair Station Hacks . | . . . . Recycling Unit Hacks . | . . . . Scanalyzer . | . . . . Garrison Access Hacks . | . . . . Unauthorized Hacks 10 | . 6 . 4 Terminals 6 | . 6 . . Botnet 2 | . 2 . . Skim 4 | . 4 . . Fabricators . | . . . . Repair Stations . | . . . . Recycling Units 4 | . . . 4 Tunnel 4 | . . . 4 Scanalyzers . | . . . . Garrison Access . | . . . . Data Cores Recovered . | . . . . Used . | . . . . Hacking Detections 7 | . 6 . 1 Full Trace Events . | . . . . Feedback Events . | . . . . Feedback Blocked . | . . . . Robot Schematics Acquired . | . . . . Robots Built . | . . . . Authchips . | . . . . Time . | . . . . Total Robot Build Rating . | . . . . Part Schematics Acquired . | . . . . Parts Built . | . . . . Authchips . | . . . . Time . | . . . . Total Part Build Rating . | . . . . Part Studies Acquired . | . . . . Parts Repaired . | . . . . Time . | . . . . Parts Recycled . | . . . . Recycled Matter . | . . . . Retrieved Matter . | . . . . Retrieved Components . | . . . . Parts Scanalyzed . | . . . . Part Schematics Acquired . | . . . . Parts Damaged . | . . . . Bothacking | -11 -10 -10 -7 ------------ Run | Yrd Mat Sub Rec Used RIF Installer . | . . . . Robots Hacked 1 | . . 1 . Non-combat . | . . . . Combat 1 | . . 1 . Robot Hacks Applied 1 | . . 1 . parse_system 1 | . . 1 . Relay Couplers Released . | . . . . Fabnet Peak Effective % . | . . . . Robots Rewired . | . . . . Allies Hacked . | . . . . Hacks Repelled . | . . . . Allies | -11 -10 -10 -7 -------- Run | Yrd Mat Sub Rec Total Allies . | . . . . Largest Group . | . . . . Highest-Rated Group . | . . . . Highest-Rated Ally . | . . . . Total Orders . | . . . . Ally Attacks . | . . . . Total Damage . | . . . . Kills . | . . . . Allies Corrupted . | . . . . Allies Melted . | . . . . Intel | -11 -10 -10 -7 ------- Run | Yrd Mat Sub Rec Active Infowar (turns) 4966 | 26 1286 3654 . Sensors 1655 | . . 1655 . Terrain 944 | . 175 769 . Seismic 2367 | 26 1111 1230 . Robot Analysis Total . | . . . . Derelict Logs Recovered 2 | . . 2 . Drone Launches . | . . . . Drone Recoveries . | . . . . Exploration | -11 -10 -10 -7 ------------- Run | Yrd Mat Sub Rec Turns Passed 6532 | 121 1504 4363 544 Spaces Moved 3422 | 58 753 2373 238 Core 4 | 4 . . . Treads 1695 | 54 753 888 . Legs . | . . . . Wheels 1723 | . . 1485 238 Hover . | . . . . Flight . | . . . . Fastest Speed 50 | 50 160 95 210 Average Speed 160 | 152 160 155 210 Slowest Speed 240 | 160 160 240 210 Overloaded Moves . | . . . . Propulsion Burnouts . | . . . . Robots Hopped . | . . . . Potential Cave-ins . | . . . . Cave-ins Triggered . | . . . . Exploration Rate (%) 52 | 4 88 66 50 Regions Visited 3 Branch Regions 2 Pre-discovered Areas 5 | . . 1 4 Known Exits Taken . | . . . . Unknown Exits Taken 3 | 1 1 1 . Scrap Searched 1 | . . 1 . Spaces Dug 27 | . 2 25 . Terrain Destroyed 56 | . 2 52 2 Melee 6 | . 1 5 . Projectile 7 | . 1 4 2 AOE 43 | . . 43 . Terrain Rammed . | . . . . Walls Destroyed . | . . . . Machines Disabled . | . . . . Actions | -11 -10 -10 -7 --------- Run | Yrd Mat Sub Rec Total 4174 | 78 924 2899 273 Wait 377 | 2 62 293 20 Move 3419 | 57 752 2372 238 Hop . | . . . . Pick Up 68 | 7 13 43 5 Fast Attach 10 | 7 . 3 . Attach 8 | . . 8 . Detach 2 | . . 2 . Swap 73 | . 21 51 1 Drop 46 | . 7 36 3 Fire 110 | 5 64 36 5 Melee 59 | . 5 53 1 Ram . | . . . . Kick . | . . . . Crush . | . . . . Escape Stasis . | . . . . Rewire . | . . . . Trap 2 | . . 2 . Miscellaneous . | . . . . Route ------- -11/Scrapyard -10/Materials (discovered 4 exits: [*Mat x3] / *Sub) -10/Subcaves -7/Recycling History --------- Turn | Location | Event 16 | -11/Scrapyard | Discovered new exit (range 16) 122 | -11/Scrapyard | Entered Materials 323 | -10/Materials | Build established: Mutant 466 | -10/Materials | Discovered new exit (range 12) 973 | -10/Materials | Discovered new exit (range 8) 1293 | -10/Materials | Discovered new exit (range 9) 1621 | -10/Materials | Discovered new exit (range 3) 1626 | -10/Materials | Entered Subcaves 1627 | -10/Subcaves | Approached by a straggling Scientist 1770 | -10/Subcaves | Visited 4L-MR0's lab 3205 | -10/Subcaves | A swath of the cavern ceiling suddenly collapsed 3291 | -10/Subcaves | Shifting Twisted Machinery released Sub. Shrapnel Launcher 3300 | -10/Subcaves | Shifting Twisted Machinery released Piercing Trap 3666 | -10/Subcaves | Visited Clippyterm 3670 | -10/Subcaves | Learned 40 Factory zone layouts 4322 | -10/Subcaves | A swath of the cavern ceiling suddenly collapsed 4579 | -10/Subcaves | Shifting Twisted Machinery released Sub. Power Source 4686 | -10/Subcaves | Core integrity fell below 50% 5111 | -10/Subcaves | Shifting Twisted Machinery released Barrage Gun 5265 | -10/Subcaves | Discovered new exit (range 4) 5680 | -10/Subcaves | Found Prototype Special Melee Weapon 5845 | -10/Subcaves | Build established: Hauler-Mutant 5989 | -10/Subcaves | Entered Recycling 6487 | -7/Recycling | Core integrity fell below 20% 6533 | -7/Recycling | Destroyed by Y-54 Guardian with Flak Gun Last Messages --------------- 06381_ Connecting with Recycling Unit... >>Force(Tunnel) DISCOVERED[-6/Archives] 06396_ Connecting with Recycling Unit... >>Force(Tunnel) DISCOVERED[-7/Factory] 06415_ Connecting with Recycling Unit... >>Force(Tunnel) DISCOVERED[-6/Extension] 06486_ Y-54 Guardian springs to life. 06516_ Y-54 Guardian destroyed. 06516_ R-06 Scavenger collects Flak Gun. 06520_ R-06 Scavenger collects Gatling Laser. 06521_ Acquired Lgt. Treads. 06526_ R-06 Scavenger collects Imp. Light Armor Plating. 06527_ U-05 Engineer builds a Wall. 06529_ Y-54 Guardian suffers critical hit (Smash). 06529_ Destroyed Lgt. Treads. 06529_ Y-54 Guardian system corrupted by crushing effect. 06530_ Wheel destroyed. Map ----- +----------------------------------------------------+ | ?????????????????????????????????????????????# #?? | | ??????????????????????????????????#?????????## ##? | | ????????????????????????????????# ######### ## | | ????????????????????????????????# | | ????????????????????????????????# ### ##### ## | | ?????????????????????????????????? #??# #???#####? | | ?????????????????????????????????? ####+#####????? | | ?????????????????????????????????# # #????? | | ???????????????????????????????### # #????? | | ???????????????????????????#???# # #????? | | ??????????????????????????? #### # #????? | | ??????????????????????????? ## # #????? | | ??????????????????????????? ## # #????? | | ??????????????????????????? ## # #????? | | ??????????????????????????? ## + #????? | | ??????????????????????????? ## # #????? | | ??????????????????????????# ## ##### ## #????? | | ??????????????????????????# ## #????##?##????? | | ??????????????????????##### ## ##????????##### | | ?????????????????????##r#r# # ########## | | ?????????????????????# # # T" | | ?????????????????????# # # " | | ?????????????????????# # # | | ?????????????????????# # # ########## | | ?????????????????????# #u #######????????## | | ?????????????????????# r @Y% #???????????????# | | ?????????????????????# r;u #???????????????# | | ?????????????????????# # #???????????????# | | ?????????????????????# # #??#####????##### | | ?????????# ??????????# # #??#"""#????#"""# | | ?????????# ????????# # u####"Y"######"Y"# | | ?????????# ??????# # | | ?????????# = #######+## | | ?????????+ !! + | | ?????????# %] #######+###+##################### | | ?????????# [ ????# #??????????? | | ?????????# ]??????# #??????????? | | ?????????# ????????# #??????????? | | ???????????????????# #??????????? | | ???????????????????# #??????????? | | ??????????????????# #??????????? | | ??????????????????## #??????????? | | ???????????????????# #??????????? | | ???????????????????####################??????????? | | ?????????????????????????????????????????????????? | | ?????????????????????????????????????????????????? | | | | | | | | | +----------------------------------------------------+ Best States ------------- Heat Dissipation 25 Energy Generation 15 Energy Capacity 250 Matter Stores 300 Matter Capacity 300 Sight Range 16 Robot Scan Range 14 Terrain Scan Range 16 Terrain Scan Density 10 Armor Coverage 800 Core Shielding 20 Evasion (%) 41 Recoil Reduction 2 Item Schematics ----------------- None Robot Schematics ------------------ None Fabricated ------------ Nothing Repaired ---------- Nothing Studied --------- None Alien Tech Used ----------------- None Achievements -------------- None Challenges ------------ None Game ------ Seed LargeTiamatAssimilator Manual? 0 Play Time 00:38:09 Cumulative 1190.0 hours Start 2026.04.29 @ 12:51:58 End 2026.04.29 @ 13:27:41 Sessions 1 Manual Loads 0 Difficulty Rogue Special Mode None Game No. 214 Rogue 214 Adventurer 0 Explorer 0 Win Type - Total 72 Types 27/9/11/1/3/1/11/4/3/2 Lore% 95 Gallery% 93 Achievement% 87 Wizard Run 0 Options --------- Layout 0 ASCII 0 Keyboard 0 Movement Numpad Keybinds 0 Fullscreen 1 Font 18/SmallcapsGlow Map View 76x50 Zoom Use 0% Tactical HUD 1 Map Filters NONE Filters NONE Steam 1 RUN: ede14752-7889-41f5-8108-87350423cb9a